 Dungeon Crawl Stone Soup version 0.16.2-12-gd0ad4c3 (webtiles) character file.

109 Morg0th the Stinger (level 4, -2/21 HPs)
             Began as a Spriggan Venom Mage on Sept 22, 2015.
             Slain by a gnoll
             ... wielding a +0 spear
              (5 damage)
             ... on level 4 of the Dungeon.
             The game lasted 00:19:19 (4312 turns).

Morg0th the Stinger (Spriggan Venom Mage)           Turns: 4312, Time: 00:19:19

Health: -2/21      AC:  2    Str:  5    XL:     4   Next: 59%
Magic:  9/15       EV: 18    Int: 16    God:
Gold:   168        SH:  0    Dex: 16    Spells: 3 memorised, 6 levels left

rFire  . . .     SeeInvis +     a - +2 short sword (flame)
rCold  . . .     Clarity  .     h - +0 robe
rNeg   . . .     SustAb   .     (shield restricted)
rPois  .         Gourm    .     (helmet restricted)
rElec  .         Spirit   .     (no cloak)
rCorr  .         Warding  .     (gloves unavailable)
rMut   .         Stasis   .     (boots unavailable)
MR     .....                    (no amulet)
Stlth  +++.......               (no ring)
                                (no ring)

@: very slightly contaminated, very quick, not resistant to hostile
enchantments, fairly stealthy
A: unfitting armour, see invisible, herbivore 3, speed 3, slow metabolism 2
a: no special abilities


You were on level 4 of the Dungeon.
You were hungry.

You visited 1 branch of the dungeon, and saw 5 of its levels.

You collected 168 gold pieces.

Inventory:

Hand weapons
 a - a +2 short sword of flaming (weapon)
 j - a +0 hunting sling
Missiles
 l - 14 stones (quivered)
Armour
 h - a +0 robe (worn)
Scrolls
 d - a scroll of remove curse {unknown}
 e - 4 scrolls of identify
 f - a scroll of random uselessness {unknown}
Potions
 i - 3 potions of heal wounds
 k - a potion of cancellation {unknown}
 m - a potion of curing
 n - a potion of flight {unknown}
Books
 b - a Young Poisoner's Handbook

   Spells                             Type                      Level
   a - Sting                          Conjuration/Poison           1
   b - Cure Poison                    Poison                       2
   c - Mephitic Cloud                 Conjuration/Poison/Air       3
   d - Olgreb's Toxic Radiance        Poison                       4
   e - Venom Bolt                     Conjuration/Poison           5
Comestibles
 c - 3 bread rations
 g - a slice of pizza


   Skills:
 - Level 3.0 Dodging
 - Level 3.0 Stealth
 + Level 4.6 Spellcasting
 + Level 5.1 Poison Magic


You had 6 spell levels left.
You knew the following spells:

 Your Spells              Type           Power        Failure   Level  Hunger
a - Sting                 Conj/Pois      ##..         8%          1    None
b - Cure Poison           Pois           ###.......   3%          2    ##.....
c - Mephitic Cloud        Conj/Pois/Air  #.......     28%         3    ###....


Dungeon Overview and Level Annotations

Branches:
Dungeon (5/15)
 Temple: D:4-7

Altars:

Shops:
D:4 ?


Innate Abilities, Weirdness & Mutations

You are tiny and cannot use many weapons and most armour.
You have supernaturally acute eyesight.
You are a herbivore.
You cover ground extremely quickly.
You need consume almost no food.


Message History

The hound is heavily wounded.
The hound bites you but does no damage.
Casting: Sting
Confirm with . or Enter, or press ? or * to list all spells.
Aiming: Sting
Press: ? - help, Shift-Dir - straight line, f/p - hound
Aim: a hound (heavily wounded, poisoned)
The sting hits the hound.
The hound looks even sicker.
The hound is severely wounded.
The hound bites you.
* * * LOW HITPOINT WARNING * * *
The hound completely misses you.
Casting: Sting
Confirm with . or Enter, or press ? or * to list all spells.
Aiming: Mephitic Cloud
Press: ? - help, Shift-Dir - straight line, p - hound You miscast Mephitic Cloud.
Your hair stands on end.
The hound barely misses you.
The gnoll hits you from afar with a spear.
You die...

### ......... ≈≈≈≈≈≈≈≈≈≈≈
≈≈≈≈ ≈≈≈≈≈≈≈≈≈≈≈
...≈≈≈≈≈≈≈ ≈≈≈≈≈≈≈≈≈≈≈
...≈≈≈≈≈≈≈ ........
..)...... #.....
#.......# #....#
#.......# #...@#
#.......# #####..h#
+.......# .....#..g+
#..†....#
.....'...###+####.%..)..#
a....#...##...>.#.......#
....#..$.......+.......#
... #..........#.......#
#...##g.##'#.......#
#...##..#...g...####


You could see a hound and a gnoll.

Vanquished Creatures
  A gnoll (D:4)
  3 adders
  An ooze (D:2)
  2 orcs (D:3)
  8 goblins
  13 hobgoblins
  6 jackals
  3 quokkas (D:2)
  A ball python (D:3)
  5 bats
  6 giant cockroaches
  5 giant newts
  4 kobolds
  8 rats
66 creatures vanquished.

Notes
Turn   | Place    | Note
--------------------------------------------------------------
     0 | D:1      | Morg0th, the Spriggan Venom Mage, began the quest for the Orb.
     0 | D:1      | Reached XP level 1. HP: 9/9 MP: 4/4
    12 | D:1      | You fall through a shaft!
   600 | D:1      | Reached XP level 2. HP: 13/13 MP: 3/7
   684 | D:1      | Learned a level 2 spell: Cure Poison
  2257 | D:2      | Reached XP level 3. HP: 16/16 MP: 5/11
  2384 | D:2      | Learned a level 3 spell: Mephitic Cloud
  3764 | D:3      | Reached XP level 4. HP: 21/21 MP: 12/15
  3893 | D:3      | Reached skill level 5 in Poison Magic
  4134 | D:5      | Entered Level 5 of the Dungeon
  4294 | D:4      | Found Klatump's Magic Scroll Shop.
  4312 | D:4      | Slain by a gnoll

Action                   |  1- 3 |  4- 6 || total
-------------------------+-------+-------++-------
Melee: Short sword       |    20 |    34 ||    54
       Unarmed           |     3 |       ||     3
 Cast: Sting             |    97 |    23 ||   120
       Mephitic Cloud    |       |     1 ||     1
  Use: Scroll            |     4 |     1 ||     5
       Potion            |     2 |     1 ||     3
 Stab: Sleeping          |     2 |       ||     2
       Confused          |       |     2 ||     2
